 Dungeon Sprint DCSS version 0.17-a0-1646-geb1493d (webtiles) character file.

49 Kidiri the Sneak (level 3, -7/24 HPs)
             Began as a Spriggan Enchanter on Aug 11, 2015.
             Mangled by a water elemental (16 damage)
             ... in the Dungeon (Sprint III: "The Ten Rune Challenge").
             The game lasted 00:02:45 (400 turns).

Kidiri the Sneak (Spriggan Enchanter)                Turns: 400, Time: 00:02:45

Health: -7/24      AC:  3    Str:  9    XL:     3   Next: 53%
Magic:  10/10      EV: 21    Int: 16    God:
Gold:   24         SH:  0    Dex: 17    Spells: 5 memorised, 0 levels left

rFire  . . .     SeeInvis +     a - +1 dagger
rCold  . . .     Clarity  .     b - +1 robe
rNeg   . . .     SustAt   .     (shield restricted)
rPois  .         Gourm    .     (helmet restricted)
rElec  .         Spirit   .     (no cloak)
rCorr  .         Warding  .     (gloves unavailable)
rMut   .         NoTele   +     (boots unavailable)
MR     .....                    (no amulet)
Stlth  ..........               (no ring)
                                (no ring)

@: berserking, engulfed (cannot breathe), very quick, not resistant to hostile
enchantments, extremely unstealthy
A: unfitting armour, see invisible, herbivore 3, speed 3, slow metabolism 2
a: no special abilities


You were in the Dungeon.
You were not hungry.

You visited 1 branch You collected 24 gold pieces.

Inventory:

Hand weapons
 a - a +1 dagger (weapon)
Armour
 b - a +1 robe (worn)
Scrolls
 j - a scroll of blinking
 m - a scroll of holy word {unknown}
 o - 3 scrolls of remove curse
 s - a scroll of torment {unknown}
Potions
 e - a potion of curing
 f - a potion of heal wounds
 g - a potion of haste
 h - 2 potions of magic
 k - a potion of brilliance
 q - 2 potions of cure mutation
 r - a potion of resistance
 t - a potion of flight {unknown}
Books
 c - a book of Maledictions

   Spells                             Type                      Level
   a - Corona                         Hexes                        1
   b - Ensorcelled Hibernation        Hexes/Ice                    2
   c - Confuse                        Hexes                        3
   d - Tukima's Dance                 Hexes                        3
   e - Dazzling Spray                 Conjuration/Hexes            3
Comestibles
 d - a bread ration
 p - 2 royal jellies


   Skills:
 + Level 2.4 Short Blades
 * Level 5.8 Dodging
 * Level 6.8 Stealth
 * Level 5.1 Spellcasting
 + Level 0.0 Conjurations
 + Level 4.6 Hexes
 + Level 0.5 Ice Magic


You couldn't memorise any spells.
You knew the following spells:

 Your Spells              Type           Power        Failure   Level  Hunger
a - Corona                Hex            ###....      2%          1    None
b - Ensorcelled Hibernat  Hex/Ice        ##....       10%         2    #......
c - Confuse               Hex            ###.....     10%         3    ###....
d - Tukima's Dance        Hex            ###.....     10%         3    ###....
e - Dazzling Spray        Conj/Hex       ##......     17%         3    ###....


Dungeon Overview and Level Annotations

Branches:
Dungeon (1/1)

Altars:


Innate Abilities, Weirdness & Mutations

You are tiny and cannot use many weapons and most armour.
You have supernaturally acute eyesight.
You are a herbivore.
You cover ground extremely quickly.
You need consume almost no food.


Message History

You open the door.
A water elemental comes into view.
There is an open door to the Ecumenical Temple here.
The water elemental barely misses you.
You hit the water elemental.
The water elemental is lightly damaged.
The water elemental completely misses you.
Unknown command.
There is an open door to the Ecumenical Temple here.
Drink which item? (? for menu, Esc to quit)
A red film seems to cover your vision as you go berserk!
You feel yourself moving faster!
You feel mighty! The water elemental hits you!
Ouch! That really hurt!
The water elemental engulfs you in water!
You barely miss the water elemental.
The water elemental is lightly damaged.
Your lungs strain for air!
The water elemental hits you!
Ouch! That really hurt!
You die...

▓<.#..+...♣♣ ♣.#
▓..#..#....♣ ♣.#
▓#'####....♣♣ ♣.#
▓..%..#....≈♣♣♣♣♣.###+#+###
▓.....#...≈≈♣.....#........
▓....%#..≈≈≈≈♣..♣.'.⌠......
▓####'#..≈≈≈≈≈≈♣..#...#####
▓.....#.≈≈≈≈≈≈..E.#.⌠.#
▓...).#.≈≈≈≈≈..@..#...#
▓.....#.≈≈≈.......#+###
▓'#####...........#
▓.................#
▓▓▓▓▓▓▓▓▓▓▓▓▓▓▓▓▓▓▓


You could see a water elemental.

Vanquished Creatures
  Jessica (D)
  A human (D)
  A phantom (D)
  3 rats (D)
6 creatures vanquished.

Vanquished Creatures (others)
  2 draconian scorchers (D)
  2 plants (D)
4 creatures vanquished.

Grand Total: 10 creatures vanquished

Notes
Turn   | Place    | Note
--------------------------------------------------------------
     0 | D        | Kidiri the Spriggan Enchanter began the quest for the Orb.
     0 | D        | Reached XP level 1. HP: 9/9 MP: 5/5
    43 | D        | Noticed Jessica
    46 | D        | Killed Jessica
    46 | D        | Reached skill level 5 in Dodging
    46 | D        | Reached skill level 6 in Stealth
    46 | D        | Reached XP level 2. HP: 13/13 MP: 5/8
    50 | D        | Learned a level 2 spell: Ensorcelled Hibernation
   100 | D        | Reached XP level 3. HP: 16/16 MP: 2/10
   105 | D        | Learned a level 3 spell: Confuse
   109 | D        | Learned a level 3 spell: Tukima's Dance
   184 | D        | Reached skill level 5 in Spellcasting
   203 | D        | Killed a white draconian scorcher
   209 | D        | Killed a white draconian scorcher
   331 | D        | Learned a level 3 spell: Dazzling Spray
   346 | D        | Gained mutation: You occasionally shout uncontrollably at your foes. [potion of mutation]
   346 | D        | Gained mutation: You are weak. (Str -2) [potion of mutation]
   346 | D        | Gained mutation: You are partially covered in rugged brown scales (AC +1, +3% HP). [potion of mutation]
   347 | D        | Gained mutation: Your magical capacity is low (-10% MP). [potion of mutation]
   347 | D        | Gained mutation: You are robust (+10% HP). [potion of mutation]
   347 | D        | Gained mutation: Armour fits poorly on your strangely shaped body. [potion of mutation]
   348 | D        | Lost mutation: You are robust (+10% HP). [potion of cure mutation]
   348 | D        | Lost mutation: You are weak. (Str -2) [potion of cure mutation]
   348 | D        | Lost mutation: Armour fits poorly on your strangely shaped body. [potion of cure mutation]
   349 | D        | Lost mutation: You occasionally shout uncontrollably at your foes. [potion of cure mutation]
   349 | D        | Lost mutation: Your magical capacity is low (-10% MP). [potion of cure mutation]
   349 | D        | Lost mutation: You are partially covered in rugged brown scales (AC +1, +3% HP). [potion of cure mutation]
   388 | D        | Noticed a water elemental
   400 | D        | Mangled by a water elemental

Vault maps used:
D:        dungeon_sprint_mu

Action                   || total
-------------------------++-------
Melee: Dagger            ||    24
 Cast: Ensorcelled Hiber ||     1
       Confuse           ||     2
  Use: Potion            ||     5
       Scroll            ||     3
 Stab: Sleeping          ||     3
       Confused          ||     1
